 Dungeon Crawl Stone Soup version 0.21.1-1-g345015f (webtiles) character file.

4914 ninurtach the Thaumaturge (level 10, -5/74 HPs)
             Began as a Gnoll Wizard on June 4, 2018.
             Was a Follower of Ashenzari.
             Slain by a hornet (6 damage)
             ... on level 8 of the Dungeon.
             The game lasted 00:31:44 (13765 turns).

ninurtach the Thaumaturge (Gnoll Wizard)           Turns: 13765, Time: 00:31:45

Health: -5/74      AC:  9    Str:  9    XL:     10   Next: 51%
Magic:  13/23      EV: 11    Int: 28    God:    Ashenzari [*.....]
Gold:   353        SH:  0    Dex: 14    Spells: 14/27 levels left

rFire    . . .     SeeInvis .   a - +7 whip of Karma {holy, Int+4}
rCold    . . .     Gourm    .   (no shield)
rNeg     . . .     Faith    .   O - +0 scale mail
rPois    +         Spirit   .   F - +0 hat
rElec    .         Reflect  .   (no cloak)
rCorr    .         Harm     .   k - +0 pair of gloves
MR       .....     Clarity  +   t - +0 pair of boots
Stlth    ++........             (no amulet)
HPRegen  0.22/turn              u - ring of wizardry (curse)
MPRegen  0.18/turn              w - ring of poison resistance (curse)

@: no status effects
A: distributed training, fangs 1, clarity, sense surroundings 1, strong nose
a: Curse Item, Scrying, Renounce Religion


You were on level 8 of the Dungeon.
You worshipped Ashenzari.
Ashenzari was aware of your devotion.
You were not hungry.

You visited 1 branch of the dungeon, and saw 8 of its levels.
You also visited: Bailey.

You collected 353 gold pieces.

Inventory:

Hand Weapons
 a - the +7 whip of Karma (weapon) {holy, Int+4}
   (You found it on level 4 of the Dungeon)

   It has been blessed by the Shining One to cause great damage to the undead
   and demons.
   It affects your intelligence (+4).
 b - the +6 hunting sling of Dych {venom, rF+ Str+7 Dex-2}
   (You found it on level 5 of the Dungeon)

   It poisons the ammo it fires.
   It affects your strength (+7).
   It affects your dexterity (-2).
   It protects you from fire.
Missiles
 q - 87 stones (quivered)
Armour
 k - a +0 pair of gloves (worn)
 t - a +0 pair of boots (worn)
 B - a +0 leather armour
 F - a +0 hat (worn)
 O - a +0 scale mail (worn)
Jewellery
 j - an uncursed ring of stealth
 u - a cursed ring of wizardry (left hand)
 w - a cursed ring of poison resistance (right hand)
 K - an uncursed ring of see invisible
 N - an uncursed amulet of harm
Wands
 D - a wand of flame (45)
 G - a wand of digging (11)
 H - a wand of scattershot (7)
 J - a wand of acid (10)
Scrolls
 e - a scroll of enchant weapon
 i - a scroll of fear
 m - 3 scrolls of amnesia
 o - 2 scrolls of teleportation {unknown}
 r - a scroll of acquirement {unknown}
 z - a scroll of fog
 C - 2 scrolls of magic mapping
 P - a scroll of enchant armour {unknown}
Potions
 g - a potion of agility {unknown}
 h - 2 potions of invisibility
 l - 3 potions of heal wounds
 n - a potion of cancellation {unknown}
 p - a potion of brilliance {unknown}
 s - a potion of ambrosia {unknown}
 v - 6 potions of curing
 x - 6 potions of mutation
 A - 2 potions of resistance
 E - 2 potions of lignification {unknown}
 I - a potion of berserk rage {unknown}
 L - 3 potions of magic
Books
 c - a book of Minor Magic

   Spells                             Type                      Level
   a - Magic Dart                     Conjuration                  1
   b - Blink                          Translocation                2
   c - Call Imp                       Summoning                    2
   d - Slow                           Hexes                        2
   e - Conjure Flame                  Conjuration/Fire             3
   f - Mephitic Cloud                 Conjuration/Poison/Air       3
 f - a book of Burglary

   Spells                             Type                      Level
   a - Swiftness                      Charms/Air                   2
   b - Passwall                       Transmutation/Earth          2
   c - Passage of Golubria            Translocation                4
   d - Lee's Rapid Deconstruction     Earth                        5
   e - Darkness                       Hexes                        6
   f - Invisibility                   Hexes                        6
 M - a book of Changes

   Spells                             Type                      Level
   a - Beastly Appendage              Transmutation                1
   b - Sticks to Snakes               Transmutation                2
   c - Spider Form                    Transmutation/Poison         3
   d - Ice Form                       Ice/Transmutation            4
   e - Blade Hands                    Transmutation                5
Comestibles
 d - 14 rations
 Q - 4 chunks of flesh


   Skills:
 + Level 5.2 Fighting
 + Level 5.2 Short Blades
 + Level 5.2 Long Blades
 + Level 5.2 Axes
 + Level 5.2 Maces & Flails
 + Level 5.2 Polearms
 + Level 5.2 Staves
 + Level 5.2 Slings
 + Level 5.2 Bows
 + Level 5.2 Crossbows
 + Level 5.2 Throwing
 + Level 5.2 Armour
 + Level 7.0 Dodging
 + Level 6.8 Stealth
 + Level 5.2 Shields
 + Level 5.2 Unarmed Combat
 + Level 9.0 Spellcasting
 + Level 4.9 Conjurations
 + Level 4.3 Hexes
 + Level 4.3 Charms
 + Level 4.9 Summonings
 + Level 4.3 Necromancy
 + Level 4.9 Translocations
 + Level 4.3 Transmutations
 + Level 4.3 Fire Magic
 + Level 4.3 Ice Magic
 + Level 4.3 Air Magic
 + Level 4.3 Earth Magic
 + Level 4.3 Poison Magic
 + Level 5.8 Invocations
 + Level 5.2 Evocations


You had 14 spell levels left.
You knew the following spells:

 Your Spells              Type           Power        Failure   Level  Hunger
a - Magic Dart            Conj           ####         1%          1    None
b - Blink                 Tloc           N/A          2%          2    None
c - Call Imp              Summ           #####...     2%          2    None
d - Conjure Flame         Conj/Fire      #####...     5%          3    None
e - Mephitic Cloud        Conj/Pois/Air  #####...     6%          3    None
f - Swiftness             Chrm/Air       #####...     3%          2    None


Dungeon Overview and Level Annotations

Branches:
Dungeon (8/15)             Temple (0/1) D:4
   Lair: D:8-11

Altars:
Ashenzari
Cheibriados
Fedhas
Hepliaklqana
Kikubaaqudgha
Makhleb
Nemelex Xobeh
Qazlal
Uskayaw
Wu Jian
Xom
Zin
The Shining One

Shops:
D:4 (

Annotations:
D:6 exclusion: oklob plant


Innate Abilities, Weirdness & Mutations

Your experience applies equally to all skills.
You have very sharp teeth.
Your uncanny sense of smell can sniff out nearby items.
You possess an exceptional clarity of mind.
You passively map a small area around you.


Message History

Some of the chunks of flesh in your inventory have rotted away.
You now have 17/23 mp.
Aim: a hornet The magic dart hits the hornet.
The hornet barely misses you.
Your crimson imp barely misses the hornet.
The hornet misses you.
You now have 16/23 mp.
Aim: a hornet (lightly wounded)
The magic dart hits the hornet.
Your crimson imp hits the hornet but does no damage.
The hornet stings you!
* * * LOW HITPOINT WARNING * * *
Your crimson imp barely misses the hornet.
You take 7 damage, and have 1/74 hp.
You now have 15/23 mp.
You blink.
Your crimson imp hits the hornet but does no damage.
You now have 13/23 mp.
Aim: a hornet (moderately wounded)
The magic dart hits the hornet.
The hornet stings you.
You die...

...........#.##... * *
........%..#.##†#,##.
...>.........5..# ... ,
, ..(........#.#..#... ,
,########.###.††.#.# +
#..5........# ∆ * **
########.[.....#..#.#.
#......y5<............ ,
#......@.......##.##..
+.........#..#.##.##.. ,
, #.....................
#..............##.##..,
#...........[.....# * ,
, #####.......#.###.# ,
. #########.........# *
,..
#######.#...#........ ,
...######...)....###.##.


You could see a hornet and 2 friendly crimson imps.

Vanquished Creatures
  The ghost of CptBowmore the Cleaver, a novice HOBe of Trog (D:8)
  The ghost of diana the Cruncher, a novice MiGl of Okawaru (D:5)
  Psyche (D:8)
  A troll (D:7)
  A hippogriff (D:7)
  A water moccasin (D:8)
  3 orc warriors
  3 phantoms
  2 ogres
  4 ice beasts
  A centaur (D:6)
  A bullfrog (D:7)
  A gnoll sergeant (D:5)
  5 scorpions
  3 howler monkeys (D:7)
  7 crimson imps
  2 hounds
  A bullfrog zombie (D:5)
  A jelly (D:6)
  9 orc priests
  3 orc wizards
  A centaur skeleton (D:8)
  A bullfrog skeleton (D:8)
  4 worker ants
  3 iguanas
  2 hound zombies
  A hound skeleton (D:7)
  A worker ant zombie (D:6)
  29 gnolls
  3 adders
  A shadow imp (D:6)
  An ooze (D:1)
  An adder zombie (D:7)
  A worm (D:4)
  2 dart slugs
  2 leopard geckos
  20 orcs
  5 giant cockroaches
  9 goblins
  20 hobgoblins
  9 jackals
  2 quokkas
  A ball python (D:1)
  9 bats
  9 frilled lizards
  15 kobolds
  6 rats
210 creatures vanquished.

Vanquished Creatures (collateral kills)
  A sky beast (D:7)
  An ogre (D:4)
  A scorpion (D:4)
  A hound (D:4)
  A bullfrog zombie (D:7)
  A howler monkey zombie (D:5)
  2 adders
  A dart slug (D:1)
  3 orcs
  A goblin (D:7)
  A hobgoblin (Bailey)
  4 jackals
  A kobold (Bailey)
19 creatures vanquished.

Grand Total: 229 creatures vanquished

Notes
Turn   | Place    | Note
-------+----------+-------------------------------------------
     0 | D:1      | ninurtach the Gnoll Wizard began the quest for the Orb.
     0 | D:1      | Reached XP level 1. HP: 13/13 MP: 8/8
   347 | D:1      | Reached XP level 2. HP: 19/19 MP: 8/10
   360 | D:1      | Learned a level 2 spell: Blink
   363 | D:1      | Learned a level 2 spell: Call Imp
   875 | D:1      | Reached XP level 3. HP: 24/25 MP: 6/11
  1517 | D:2      | Found a shattered altar of Ashenzari.
  1859 | D:2      | Reached skill level 1 in Invocations
  2835 | D:2      | Found a glowing golden altar of the Shining One.
  2861 | D:2      | Found a sparkling altar of Nemelex Xobeh.
  3224 | D:2      | Reached skill level 1 in Fighting
  3224 | D:2      | Reached skill level 1 in Short Blades
  3224 | D:2      | Reached skill level 1 in Long Blades
  3224 | D:2      | Reached skill level 1 in Axes
  3224 | D:2      | Reached skill level 1 in Maces & Flails
  3224 | D:2      | Reached skill level 1 in Polearms
  3224 | D:2      | Reached skill level 1 in Staves
  3224 | D:2      | Reached skill level 1 in Slings
  3224 | D:2      | Reached skill level 1 in Bows
  3224 | D:2      | Reached skill level 1 in Crossbows
  3224 | D:2      | Reached skill level 1 in Throwing
  3224 | D:2      | Reached skill level 1 in Armour
  3224 | D:2      | Reached skill level 1 in Shields
  3224 | D:2      | Reached skill level 1 in Unarmed Combat
  3224 | D:2      | Reached skill level 1 in Evocations
  3412 | D:2      | Learned a level 3 spell: Conjure Flame
  3416 | D:2      | Learned a level 3 spell: Mephitic Cloud
  3453 | D:3      | Found a shimmering altar of Xom.
  3487 | D:2      | Became a worshipper of Ashenzari the Shackled
  3529 | D:3      | Reached XP level 4. HP: 29/32 MP: 2/13
  3574 | D:3      | Reached skill level 1 in Hexes
  3574 | D:3      | Reached skill level 1 in Charms
  3574 | D:3      | Reached skill level 1 in Necromancy
  3574 | D:3      | Reached skill level 1 in Transmutations
  3574 | D:3      | Reached skill level 1 in Fire Magic
  3574 | D:3      | Reached skill level 1 in Ice Magic
  3574 | D:3      | Reached skill level 1 in Air Magic
  3574 | D:3      | Reached skill level 1 in Earth Magic
  3574 | D:3      | Reached skill level 1 in Poison Magic
  3694 | D:3      | Found a stormy altar of Qazlal.
  3831 | D:3      | Found a blossoming altar of Fedhas.
  4149 | D:3      | Reached XP level 5. HP: 34/37 MP: 6/14
  4434 | D:3      | Found a snail-covered altar of Cheibriados.
  4602 | D:3      | Reached XP level 6. HP: 44/44 MP: 11/16
  5167 | D:4      | Reached skill level 5 in Dodging
  5543 | D:4      | Found Tewifoam's Weapon Shop.
  5615 | D:4      | Reached XP level 7. HP: 48/50 MP: 18/18
  5743 | D:4      | Got the whip of Karma {holy, Int+4}
  5744 | D:4      | Identified the +7 whip of Karma {holy, Int+4} (You found it on level 4 of the Dungeon)
  6149 | D:4      | Found a staircase to the Ecumenical Temple.
  6476 | D:5      | Entered Level 5 of the Dungeon
  6872 | D:4      | Reached skill level 5 in Stealth
  7240 | D:5      | Reached XP level 8. HP: 49/57 MP: 13/19
  7377 | D:5      | Found a shattered altar of Ashenzari.
  7391 | D:5      | Found an ornate altar of the Wu Jian Council.
  7392 | D:5      | Found an ancient bone altar of Kikubaaqudgha.
  7399 | D:5      | Got the hunting sling of Dych {venom, rF+ Str+7 Dex-2}
  7400 | D:5      | Identified the +6 hunting sling of Dych {venom, rF+ Str+7 Dex-2} (You found it on level 5 of the Dungeon)
  7490 | D:5      | Found a hazy altar of Hepliaklqana.
  7854 | D:5      | Reached * piety under Ashenzari
  7955 | D:5      | Noticed diana's ghost (novice MiGl)
  7987 | D:5      | Killed diana's ghost
  7987 | D:5      | Reached skill level 8 in Spellcasting
  8393 | D:5      | Found a glowing silver altar of Zin.
  8397 | D:5      | Noticed an angel
  9183 | D:5      | Reached XP level 9. HP: 56/65 MP: 16/21
 10086 | D:6      | Found a hide-covered altar of Uskayaw.
 10107 | D:6      | Found a burning altar of Makhleb.
 10107 | D:6      | Noticed an oklob plant
 10577 | D:7      | Found a flagged portal.
 10774 | Bailey   | Entered a bailey
 12097 | D:7      | Noticed a troll
 12143 | D:7      | Killed a troll
 12143 | D:7      | Reached skill level 5 in Invocations
 12513 | D:7      | Reached XP level 10. HP: 52/73 MP: 22/22
 13231 | D:7      | Learned a level 2 spell: Swiftness
 13489 | D:8      | Noticed Psyche
 13505 | D:8      | Killed Psyche
 13505 | D:8      | Reached skill level 5 in Fighting
 13505 | D:8      | Reached skill level 5 in Short Blades
 13505 | D:8      | Reached skill level 5 in Long Blades
 13505 | D:8      | Reached skill level 5 in Axes
 13505 | D:8      | Reached skill level 5 in Maces & Flails
 13505 | D:8      | Reached skill level 5 in Polearms
 13505 | D:8      | Reached skill level 5 in Staves
 13505 | D:8      | Reached skill level 5 in Slings
 13505 | D:8      | Reached skill level 5 in Bows
 13505 | D:8      | Reached skill level 5 in Crossbows
 13505 | D:8      | Reached skill level 5 in Throwing
 13505 | D:8      | Reached skill level 5 in Armour
 13505 | D:8      | Reached skill level 5 in Shields
 13505 | D:8      | Reached skill level 5 in Unarmed Combat
 13505 | D:8      | Reached skill level 5 in Evocations
 13560 | D:8      | Gained mutation: You passively map a small area around you. [potion of mutation]
 13560 | D:8      | Gained mutation: You possess an exceptional clarity of mind. [potion of mutation]
 13609 | D:8      | Noticed CptBowmore's ghost (novice HOBe)
 13741 | D:8      | Killed CptBowmore's ghost
 13741 | D:8      | Reached skill level 9 in Spellcasting
 13741 | D:8      | HP: 3/74 [poisoned by a scorpion]
 13763 | D:8      | HP: 1/74 [hornet (8)]
 13765 | D:8      | Slain by a hornet

Skill      XL: |  1  2  3  4  5  6  7  8  9 10 |
---------------+-------------------------------+-----
Conjurations   | 2 3 4 |  4.9
Summonings     | 2 3 4 |  4.9
Translocations | 2 3 4 |  4.9
Invocations    | 1 2 3 4 5 |  5.8
Fighting       | 1 2 3 4 5 |  5.2
Short Blades   | 1 2 3 4 5 |  5.2
Long Blades    | 1 2 3 4 5 |  5.2
Axes           | 1 2 3 4 5 |  5.2
Maces & Flails | 1 2 3 4 5 |  5.2
Polearms       | 1 2 3 4 5 |  5.2
Staves         | 1 2 3 4 5 |  5.2
Slings         | 1 2 3 4 5 |  5.2
Bows           | 1 2 3 4 5 |  5.2
Crossbows      | 1 2 3 4 5 |  5.2
Throwing       | 1 2 3 4 5 |  5.2
Armour         | 1 2 3 4 5 |  5.2
Shields        | 1 2 3 4 5 |  5.2
Unarmed Combat | 1 2 3 4 5 |  5.2
Evocations     | 1 2 3 4 5 |  5.2
Hexes          | 1 2 3 4 |  4.3
Charms         | 1 2 3 4 |  4.3
Necromancy     | 1 2 3 4 |  4.3
Transmutations | 1 2 3 4 |  4.3
Fire Magic     | 1 2 3 4 |  4.3
Ice Magic      | 1 2 3 4 |  4.3
Air Magic      | 1 2 3 4 |  4.3
Earth Magic    | 1 2 3 4 |  4.3
Poison Magic   | 1 2 3 4 |  4.3
Dodging        | 5 6 7 |  7.0
Stealth        | 5 6 |  6.8
Spellcasting   | 8 9 |  9.0

Action                   |  1- 3 |  4- 6 |  7- 9 | 10-12 || total
-------------------------+-------+-------+-------+-------++-------
Melee: Unarmed           |     2 |       |       |       ||     2
       Whip              |    30 |       |   208 |   128 ||   366
       Bite              |     5 |     6 |    20 |    15 ||    46
       Dagger            |    15 |   103 |    17 |       ||   135
       Punch             |       |     1 |     6 |     3 ||    10
       Halberd           |       |       |    19 |       ||    19
 Fire: Hunting sling     |    30 |     9 |    88 |       ||   127
Throw: Stone             |       |       |    27 |       ||    27
 Cast: Magic Dart        |    67 |    62 |    86 |    19 ||   234
       Call Imp          |     2 |     7 |    16 |     2 ||    27
       Blink             |     1 |     1 |     1 |     2 ||     5
       Mephitic Cloud    |       |     5 |    22 |     3 ||    30
       Conjure Flame     |       |     1 |     1 |       ||     2
Invok: Curse Item        |       |       |     2 |       ||     2
       Scrying           |       |       |       |     1 ||     1
  Use: Scroll            |     5 |     2 |     4 |     4 ||    15
       Potion            |       |       |     2 |     4 ||     6
 Stab: Sleeping          |     3 |       |     2 |     1 ||     6
       Confused          |       |       |     2 |     5 ||     7
  Eat: Chunk             |     7 |     7 |    15 |     4 ||    33
       Ration            |       |       |     2 |       ||     2
Armor: Robe              |    15 |    28 |     4 |       ||    47
       Leather armour    |       |       |    46 |     2 ||    48
       Scale mail        |       |       |       |    32 ||    32
Dodge: Dodged            |    54 |    73 |   182 |    54 ||   363
